[Event "GER-chT Youth Countries 2018"]
[Site "Wurzburg"]
[Date "2018.10.04"]
[Round "3"]
[White "Bluhm, Sonja Maria"]
[Black "Kopylov, Daniel"]
[Result "1-0"]
[ECO "D00"]
[WhiteElo "2281"]
[BlackElo "2192"]
[Annotator "NA"]
[PlyCount "99"]
[EventDate "2018.10.03"]
[EventType "team-tourn"]
[EventCountry "GER"]
[SourceTitle "playchess.com"]
[Source "ChessBase"]
[SourceQuality "1"]
[TimeControl "40/5400+30:1800+30"]

1. d4 d5 2. Bf4 Nf6 3. e3 Bf5 4. c3 e6 5. Nd2 Bd6 6. Bg3 O-O 7. Ngf3 Nc6 8. Be2 Re8 9. Bb5 a6 10. Bxc6 bxc6 11. Ne5 c5 12. dxc5 Bxe5 13. Bxe5 Nd7 14. Bg3 Nxc5 15. O-O Bd3 16. Re1 Bg6 17. Nf3 Rb8 18. Re2 Bh5 19. Qd4 Ne4 20. Rc2 Bxf3 21. gxf3 e5 22. Qd1 Ng5 23. h4 Ne6 24. Rd2 {[%emt 0:00:43] [#]} d4 $1 25. cxd4 exd4 26. exd4 Qd5 27. Rc1 Re7 28. Rc3 Rd7 29. Rcd3 Rbd8 30. Kg2 Qxa2 $2 {[%emt 0:03:57] [#]} (30... a5 $11) 31. d5 $1 Nf8 {[%emt 0:03:01] [#]} 32. d6 (32. Ra3 $1 $16 Qc4 33. Rc3) 32... cxd6 33. Rxd6 Rxd6 34. Rxd6 Re8 ({Black should play} 34... Rxd6 $11 35. Qxd6 Qxb2) 35. Rd8 Qe6 36. Rxe8 Qxe8 37. Qd6 Qa8 38. b4 h6 39. Qb6 Ne6 40. Bd6 {[%emt 0:01:56] [#]} (40. Bb8 $11 {bleibt in der Remisbreite.}) 40... Qd5 $1 41. Bg3 Qc4 ({Black should try} 41... Nd4 $17 42. Qb8+ Kh7) 42. Qb7 Nd4 43. Qe4 f5 44. Qb7 (44. Qe8+ $11 Kh7 45. Qd7) 44... Qc6 $11 45. Qb8+ Kh7 46. Qf4 Qd5 47. Qe3 Nc2 48. Qe7 Qd2 49. Be5 Ne3+ 50. Kh3 1-0

[Event "GER-chT Youth Countries 2018"]
[Site "Wurzburg"]
[Date "2018.10.04"]
[Round "3"]
[White "Leeb, Simon"]
[Black "Degenhard, Simon"]
[Result "0-1"]
[ECO "D41"]
[WhiteElo "2203"]
[BlackElo "2207"]
[Annotator "NA"]
[PlyCount "158"]
[EventDate "2018.10.03"]
[EventType "team-tourn"]
[EventCountry "GER"]
[SourceTitle "playchess.com"]
[Source "ChessBase"]
[SourceQuality "1"]
[TimeControl "40/5400+30:1800+30"]

1. d4 Nf6 2. c4 e6 3. Nf3 d5 4. Nc3 c5 5. cxd5 Nxd5 6. Qb3 {[%emt 0:04:59] D41: Queen's Gambit Declined: Semi-Tarrasch with 5 cxd5} (6. e4 Nxc3 7. bxc3 cxd4 8. cxd4 Bb4+ 9. Bd2 Bxd2+ 10. Qxd2 O-O 11. Rc1 b6 12. Bd3 Ba6 13. Bxa6 Nxa6 14. O-O Rc8 15. Rxc8 Qxc8 16. Rc1 Qb7 17. Qc2 Nb4 18. Qc4 a5 19. a3 {½-½ (45) Navara,D (2741)-Carlsen,M (2842) Biel 2018}) 6... Nxc3 7. bxc3 $146 ({Predecessor:} 7. Qxc3 Nc6 8. dxc5 Qd5 9. b4 b5 10. e3 a6 11. Be2 Bb7 12. O-O f6 13. Rd1 Qh5 {0-1 (63) Foerster,J-Ryniecki,D Borkum 1996}) 7... Nc6 8. e3 Be7 9. Bd3 O-O 10. Bb1 b6 11. h4 Qd7 12. Qd1 f5 13. O-O Bb7 14. e4 Rad8 15. Bb2 cxd4 16. cxd4 Bf6 17. exf5 exf5 18. Qb3+ Kh8 19. Ne5 Nxe5 20. dxe5 Bxh4 21. Qh3 Be7 22. Bc2 Qd2 23. Rac1 Bc5 24. e6 Rde8 (24... Qg5 $17 25. Rcd1 Rxd1 26. Rxd1 Qf4) 25. Qg3 Qh6 26. Rcd1 {[%emt 0:00:56] [#]} (26. Bb3 $11 {remains equal.}) 26... Rxe6 {[%emt 0:03:55] [#]} (26... Bc8 $142 $1 27. Ba3 f4) 27. Bxf5 $1 Rxf5 28. Qb8+ (28. Rd8+ $17 {was the only defense.} Rf8 29. Rxf8+ Bxf8 30. Qb8) 28... Rf8 29. Rd8 $2 {[%emt 0:01:40] [#]} (29. Qxb7 $19 Re2 30. Bd4) 29... Kg8 $2 (29... Bxf2+ $1 {mates} 30. Rxf2 Re1+ 31. Rf1 Rexf1#) 30. Rxf8+ Bxf8 31. Qxb7 Re7 32. Qa8 Qf4 33. Ba3 Rd7 34. Re1 {[%emt 0:04:31] [#]} (34. g3) 34... Rd2 (34... Rf7 $1 $17 35. Rf1 Qa4 36. Bxf8 Rxf8 37. Qd5+ Kh8) 35. Qxf8+ Qxf8 36. Bxf8 Kxf8 37. a4 Rd4 38. a5 (38. Ra1 $142) 38... Rd7 $2 (38... bxa5 $19 39. Re6 Rd1+ 40. Kh2 a4) 39. Re6 Kf7 40. Rc6 Rb7 41. a6 Re7 42. Rc8 Ke6 43. Rb8 Kd6 (43... Kd5 $17 44. f3 Kc5) 44. Kh2 Rd7 45. f3 (45. Kg3 $17) 45... Kc7 46. Ra8 Kc6 47. Rb8 Rf7 48. Kg3 h6 (48... b5 $17 49. Kf2 Re7) 49. Kg4 Rd7 50. Kg3 $17 Rd6 51. Rb7 Rd7 52. Rb8 b5 53. Kh3 Kc5 54. Rb7 Kc6 55. Rb8 g6 56. Kg3 Rd6 57. Rb7 Rd7 58. Rb8 h5 59. Kh3 Rd6 60. Rb7 Rd7 61. Rb8 Rd6 62. Rb7 Kc5 63. Rxa7 Kb4 64. Ra8 Ka4 65. a7 Ra6 66. Kh4 b4 67. Kg5 b3 68. f4 Ka3 69. g3 b2 70. Rb8 Rxa7 71. Kxg6 Ra4 72. Rxb2 Kxb2 73. Kxh5 Kc3 74. g4 Kd4 75. Kg6 Ra6+ 76. Kf5 Ra5+ 77. Kf6 Ke4 78. g5 Ra6+ 79. Kg7 Kxf4 0-1

[Event "GER-chT Youth Countries 2018"]
[Site "Wurzburg"]
[Date "2018.10.04"]
[Round "3"]
[White "Knuedel, Torben"]
[Black "Garbuz, Vitaliy"]
[Result "1/2-1/2"]
[ECO "B35"]
[WhiteElo "2135"]
[BlackElo "2182"]
[Annotator "NA"]
[PlyCount "106"]
[EventDate "2018.10.03"]
[EventType "team-tourn"]
[EventCountry "GER"]
[SourceTitle "playchess.com"]
[Source "ChessBase"]
[SourceQuality "1"]
[TimeControl "40/5400+30:1800+30"]

1. e4 c5 2. Nf3 Nc6 3. d4 cxd4 4. Nxd4 g6 5. Nc3 Bg7 6. Be3 Nf6 7. Bc4 Qa5 8. O-O O-O 9. Bb3 d6 10. h3 Bd7 11. Nf3 {[%emt 0:04:18] B35: Sicilian: Accelerated Dragon with 5 Nc3: main line} (11. Re1 Rac8 12. Qd2 Qa6 13. f4 Rfd8 14. Rad1 b5 15. Ndxb5 Nxe4 16. Qd5 Nf6 17. Qxf7+ Kh8 18. Qc4 Qb7 19. Qe2 Rf8 {½-½ (47) Sasikiran,K (2669)-Matlakov,M (2714) Khanty-Mansiysk 2017 CBM 179 [Sagar Shah]}) 11... b5 12. a3 a6 $146 ({Predecessor:} 12... Rfc8 13. Qe2 Rab8 14. Rfd1 Be8 15. Bd2 Qb6 16. Nd5 Nxd5 17. exd5 Ne5 18. Nxe5 Bxe5 {½-½ (66) Kollars,D (2500)-Sica,M (2178) Montevideo 2017}) 13. Qe2 Rfc8 14. Rad1 Qc7 15. Bg5 Qa7 16. Rfe1 h6 17. Bxf6 Bxf6 18. e5 Bxe5 19. Nxe5 Nxe5 20. Qd2 Kg7 21. Rxe5 dxe5 22. Qxd7 Qxd7 23. Rxd7 Kf8 24. Rd5 f6 25. Kf1 Rd8 26. Ke2 Rxd5 27. Nxd5 Rc8 28. c3 f5 29. f3 a5 30. Bc2 e6 31. Ne3 Ke7 32. Bd3 Rb8 $1 33. Kd2 Kd6 34. b3 Kc5 35. Nc2 Rd8 36. Ke2 Rd7 37. Ke3 Rd8 38. Ke2 (38. a4 $16) 38... Rd7 39. Ne3 Rb7 40. Nd1 Rb8 41. Nb2 h5 42. b4+ axb4 43. axb4+ Kc6 44. Kd2 h4 45. Bc2 Ra8 46. Bb3 Ra1 $1 47. Nd3 ({Much worse is} 47. Bxe6 Rg1 $17) 47... Kd6 48. Nc1 Ra3 $16 (48... e4 $11) 49. Kc2 g5 50. Nd3 Ra1 51. Nc1 Ra7 52. Nd3 Ra1 53. Nc1 Ra3 1/2-1/2

[Event "GER-chT Youth Countries 2018"]
[Site "Wurzburg"]
[Date "2018.10.04"]
[Round "3"]
[White "Pubantz, Jan"]
[Black "Arakelian, Aik"]
[Result "1-0"]
[ECO "A33"]
[WhiteElo "2084"]
[BlackElo "1879"]
[Annotator "NA RC"]
[PlyCount "37"]
[EventDate "2018.10.03"]
[EventType "team-tourn"]
[EventCountry "GER"]
[SourceTitle "playchess.com"]
[Source "ChessBase"]
[SourceQuality "1"]
[TimeControl "40/5400+30:1800+30"]

1. d4 Nf6 2. c4 c5 3. Nf3 cxd4 4. Nxd4 Nc6 5. Nc3 e6 6. Ndb5 d5 7. Bf4 e5 8. cxd5 exf4 9. dxc6 Qb6 {[%emt 0:01:27] A33: Symmetrical English: 2 Nf3 Nf6 3 d4 cxd4 4 Nxd4 e6 5 Nc3 Nc6} (9... bxc6 10. Qxd8+ Kxd8 11. Nd4 Bb7 12. g3 c5 13. Nf3 Bd6 14. Nb5 Bxf3 15. exf3 Re8+ 16. Kd1 Be5 17. Kc2 Ke7 18. Bc4 a6 19. Nc3 {½-½ (31) Blomqvist,E (2502)-Vachier Lagrave,M (2793) Caleta 2018}) 10. Qd4 ({But not} 10. c7 Bd7 $11) 10... Bc5 $146 {[%emt 0:18:05] [#]} ({Predecessor:} 10... Qxd4 $14 11. Nxd4 Bc5 (11... bxc6 12. Nxc6 Bb7 13. Na5 O-O-O 14. Nxb7 Kxb7 15. g3 fxg3 16. hxg3 Bb4 17. Bg2+ Kb6 18. Rh4 a5 19. a3 Bxc3+ 20. bxc3 Nd5 21. Rb1+ Ka6 22. Rc4 Rd6 23. Rd1 {1-0 (23) Dahmen,C (2069)-Klatt,J (2148) Werther 2013})) 11. Qe5+ $1 ({Stronger than} 11. Qxf4 O-O $11) 11... Be6 $2 {[%emt 0:03:03] [#]} (11... Kf8 {might work better.}) 12. Nc7+ $1 ({Stronger than} 12. O-O-O O-O $17) 12... Kf8 13. O-O-O ({But not} 13. Nxa8 Bxf2+ 14. Kd1 Qxc6 $18) ({Weaker is} 13. Nxe6+ fxe6 14. e3 (14. Qxf4 $2 Qxb2 15. Qc1 Ba3 $19) 14... fxe3 $14) 13... Rc8 14. cxb7 Rxc7 15. Rd8+ Ke7 16. b8=Q $1 ({Stronger than} 16. Rxh8 Rxb7 17. Na4 (17. b3 $2 Bd4 $19) 17... Bd4 $15) 16... Rb7 17. Qxb7+ (17. Rxh8 Qxb2+ 18. Kd1 Rd7+ 19. Nd5+ Rxd5+ 20. Qxd5 Qa1+ 21. Kc2 Bxd5 $11) 17... Qxb7 18. Rxh8 Bxf2 19. e4 $18 1-0

[Event "GER-chT Youth Countries 2018"]
[Site "Wurzburg"]
[Date "2018.10.04"]
[Round "3"]
[White "Engel, Robert"]
[Black "Burian, Simon"]
[Result "1/2-1/2"]
[ECO "B54"]
[WhiteElo "2059"]
[BlackElo "2091"]
[Annotator "NA RC"]
[PlyCount "52"]
[EventDate "2018.10.03"]
[EventType "team-tourn"]
[EventCountry "GER"]
[SourceTitle "playchess.com"]
[Source "ChessBase"]
[SourceQuality "1"]
[TimeControl "40/5400+30:1800+30"]

1. e4 c5 2. Nf3 d6 3. d4 cxd4 4. Nxd4 Nf6 5. f3 e5 6. Nb3 d5 7. Bg5 Be6 8. Bxf6 gxf6 9. exd5 Bxd5 10. Nc3 Bb4 {[%emt 0:02:45] B55: Sicilian: 2...d6 3 d4 cxd4 4 Nxd4 Nf6 5 f3} 11. Qd2 Bc6 12. Qxd8+ Kxd8 {[%emt 0:00:07] LiveBook: 3 Games} 13. O-O-O+ Nd7 14. Nd5 Bxd5 $1 15. Rxd5 Kc7 $1 {[%emt 0:03:01] [#]} 16. c4 $146 ({Predecessor:} 16. Bd3 Rag8 17. g3 h5 18. Be4 {1-0 (51) Nisipeanu,L (2686)-Azmaiparashvili,Z (2679) Pune 2004}) 16... Nb6 17. Rd1 Rad8 18. Bd3 h5 19. a3 Bf8 20. Be2 Bh6+ 21. Kc2 Nc8 22. c5 Ne7 23. Bc4 Nf5 24. Rxd8 Rxd8 25. Bxf7 Ne3+ 26. Kc3 Nd1+ $11 1/2-1/2

[Event "GER-chT Youth Countries 2018"]
[Site "Wurzburg"]
[Date "2018.10.04"]
[Round "3"]
[White "Lutz, Ruben"]
[Black "Keyser, Robin"]
[Result "1-0"]
[ECO "A40"]
[WhiteElo "2043"]
[BlackElo "1999"]
[Annotator "NA RC"]
[PlyCount "65"]
[EventDate "2018.10.03"]
[EventType "team-tourn"]
[EventCountry "GER"]
[SourceTitle "playchess.com"]
[Source "ChessBase"]
[SourceQuality "1"]
[TimeControl "40/5400+30:1800+30"]

1. d4 g6 2. Bf4 Bg7 3. e3 d6 4. Nf3 Nd7 5. h3 Ngf6 6. Be2 O-O 7. O-O b6 8. a4 {[%emt 0:03:38] A48: 1 d4 Nf6 2 Nf3 g6: Torre, London and Colle Systems} (8. c4 Bb7 9. Nc3 a6 10. Bh2 Qe8 11. d5 e5 12. Nd2 Qe7 13. b4 Kh8 14. a4 a5 15. bxa5 Rxa5 16. Nb3 Raa8 17. a5 {1-0 (39) Karjakin,S (2783)-Nepomniachtchi,I (2751) chess.com INT 2017}) 8... a6 9. Nbd2 Bb7 10. c3 e6 11. Bh2 Qe7 12. b4 e5 13. Qb3 e4 14. Ne1 a5 $146 ({Predecessor:} 14... h5 15. Rc1 Rab8 16. b5 a5 17. c4 {0-1 (58) De Francesco,K (2265)-Leko,P (2385) Munich 1992}) 15. Nc2 axb4 16. cxb4 c5 17. bxc5 dxc5 18. a5 Bd5 19. Bc4 Qe6 20. axb6 Rxa1 21. Rxa1 Nxb6 22. Bxd5 Nfxd5 23. Ra6 cxd4 24. Nxd4 Bxd4 25. exd4 Rc8 26. Be5 Rc6 27. Nxe4 f6 28. Nc5 Qe7 {[%emt 0:03:46] [#]} 29. Rxb6 $1 Rxb6 30. Qxd5+ Kg7 31. Bg3 Qe1+ 32. Kh2 Rb1 (32... Qe7 $18 33. Qc4 Rc6) 33. Ne6+ 1-0

[Event "GER-chT Youth Countries 2018"]
[Site "Wurzburg"]
[Date "2018.10.04"]
[Round "3"]
[White "Richter, Nils"]
[Black "Astner, Sebastian"]
[Result "1-0"]
[ECO "B15"]
[WhiteElo "2035"]
[BlackElo "1849"]
[Annotator "NA RC"]
[PlyCount "69"]
[EventDate "2018.10.03"]
[EventType "team-tourn"]
[EventCountry "GER"]
[SourceTitle "playchess.com"]
[Source "ChessBase"]
[SourceQuality "1"]
[TimeControl "40/5400+30:1800+30"]

1. e4 c6 2. d4 d5 3. Nc3 dxe4 4. Nxe4 Qd5 5. Nc3 Qd6 6. Bc4 Nf6 7. Nge2 Bg4 8. f3 Bf5 9. Bf4 Qd8 10. a4 e6 11. O-O Bd6 12. Re1 O-O 13. Kh1 Qc7 14. Bxd6 Qxd6 15. Ng3 Bg6 16. Nge4 Nxe4 17. Nxe4 Qc7 18. Qe2 Nd7 19. Rad1 Nb6 20. Bb3 Rad8 21. c4 Rfe8 22. Rd2 Bxe4 23. fxe4 c5 24. dxc5 Qxc5 25. Red1 Rxd2 26. Qxd2 Kf8 27. a5 Nc8 28. Ba4 Qc7 29. Qb4+ Qe7 30. Qxe7+ Kxe7 31. Bxe8 Kxe8 32. Kg1 Ne7 33. a6 bxa6 34. Rd6 Ng6 35. Rb6 1-0

[Event "GER-chT Youth Countries 2018"]
[Site "Wurzburg"]
[Date "2018.10.04"]
[Round "3"]
[White "Noeldner, Julian"]
[Black "Evering, Soeren"]
[Result "1-0"]
[ECO "C55"]
[WhiteElo "2024"]
[BlackElo "1854"]
[Annotator "NA RC"]
[PlyCount "31"]
[EventDate "2018.10.03"]
[EventType "team-tourn"]
[EventCountry "GER"]
[SourceTitle "playchess.com"]
[Source "ChessBase"]
[SourceQuality "1"]
[TimeControl "40/5400+30:1800+30"]

1. e4 e5 2. Nf3 Nc6 3. Bc4 Nf6 4. d3 Be7 5. O-O O-O 6. Re1 d6 7. a4 Na5 8. Ba2 c5 9. c3 a6 10. b4 cxb4 11. cxb4 Nc6 12. Bd2 b5 $2 (12... Bg4 $15 {keeps the upper hand.}) 13. axb5 axb5 $2 {[%emt 0:01:06] [#]} (13... Nd4 14. Nxd4 exd4) 14. Bxf7+ $1 Rxf7 15. Rxa8 h6 $18 (15... Nd7 16. Be3 Ndb8) 16. Qc2 1-0

[Event "GER-chT Youth Countries 2018"]
[Site "Wurzburg"]
[Date "2018.10.04"]
[Round "3"]
[White "Hund, Sarah"]
[Black "Werner, Denis"]
[Result "0-1"]
[ECO "B23"]
[WhiteElo "2023"]
[BlackElo "1817"]
[Annotator "NA RC"]
[PlyCount "90"]
[EventDate "2018.10.03"]
[EventType "team-tourn"]
[EventCountry "GER"]
[SourceTitle "playchess.com"]
[Source "ChessBase"]
[SourceQuality "1"]
[TimeControl "40/5400+30:1800+30"]

1. e4 c5 2. Nc3 Nc6 3. f4 e6 4. Nf3 d5 5. Bb5 Nf6 6. Bxc6+ bxc6 7. e5 Nd7 8. d3 {[%emt 0:01:08] B23: Closed Sicilian: Lines without g3} (8. O-O c4 9. Kh1 Be7 10. Qe1 g6 11. b3 Rb8 12. bxc4 dxc4 13. a4 O-O 14. Ne4 c5 15. Nd6 Bxd6 16. exd6 {½-½ (56) Petenyi,T (2450)-Gazik,V (2501) Banska Stiavnica 2018}) 8... Ba6 9. b3 c4 10. dxc4 Bb4 11. Bd2 dxc4 12. Ne4 Be7 13. Qe2 $146 ({Predecessor:} 13. Nd6+ Bxd6 14. exd6 {1-0 (30) Waters,M (2110)-Hartikainen,M Buenos Aires 1992}) 13... Qb6 14. bxc4 Nc5 15. Be3 Qa5+ 16. Ned2 Qa4 17. Nd4 Nd7 18. O-O Nb6 19. f5 Nxc4 20. fxe6 Nxe5 21. Qh5 Bf6 22. Ne4 Bxf1 23. exf7+ Nxf7 24. Nd6+ Kd7 25. Qxf7+ Kxd6 26. Bf4+ (26. Qe6+ $142 Kc7 27. Bf4+ Kb6 28. Rb1+ Ka6 29. Nxc6 Rac8 {[#]} 30. Nxa7+ $1 Rc6 31. Nxc6) 26... Kc5 27. Ne6+ Kc4 28. Rxf1 Kc3 29. Qd7 $2 (29. Qh5 $18 Bd4+ 30. Kh1) 29... Rad8 30. Nxd8 $4 (30. Qb7 $18 {and all is fine.}) 30... Qd4+ 31. Qxd4+ Bxd4+ 32. Kh1 Rxd8 33. g4 c5 34. Re1 Rd7 35. Kg2 $2 (35. Re2 {was the only chance.}) 35... Rf7 36. Bb8 Kxc2 37. Re4 Kd3 38. Re8 c4 39. Rd8 Re7 40. Bg3 c3 41. Bf2 Re4 $19 42. Kf3 c2 43. Rc8 Bxf2 44. Kxf2 Rc4 45. Rd8+ Kc3 0-1

[Event "GER-chT Youth Countries 2018"]
[Site "Wurzburg"]
[Date "2018.10.04"]
[Round "3"]
[White "Boehm, Jana"]
[Black "Muedder, Melanie"]
[Result "1/2-1/2"]
[ECO "B32"]
[WhiteElo "2001"]
[BlackElo "1826"]
[Annotator "NA RC"]
[PlyCount "82"]
[EventDate "2018.10.03"]
[EventType "team-tourn"]
[EventCountry "GER"]
[SourceTitle "playchess.com"]
[Source "ChessBase"]
[SourceQuality "1"]
[TimeControl "40/5400+30:1800+30"]

1. e4 c5 2. Nf3 Nc6 3. d4 cxd4 4. Nxd4 e5 5. Nb5 d6 6. c4 Be7 7. N5c3 {[%emt 0:00:15] B32: Sicilian: Löwenthal and Kalashnikov Variations} (7. N1c3 a6 8. Na3 Be6 9. Be2 Rc8 10. O-O Nf6 11. Be3 O-O 12. Qd2 Nd7 13. Rac1 Nc5 14. f3 Nd4 15. Bxd4 exd4 16. Qxd4 Qb6 17. Rc2 Bf6 18. Qe3 Qb4 19. Qd2 Na4 20. Nd5 {½-½ (37) Anand,V (2779)-Caruana,F (2823) Saint Louis 2016}) 7... f5 8. exf5 Bxf5 9. Bd3 Be6 10. Nd5 Nf6 11. Nbc3 O-O 12. O-O Nd4 13. Be3 Nf5 $146 ({Predecessor:} 13... g6 14. Nxe7+ Qxe7 15. Bxd4 exd4 {1-0 (43) Alekseev,E (2614)-Klukin,K (2236) St Petersburg 2017}) 14. Nxe7+ Nxe7 15. Qe2 Qa5 16. a3 Rac8 17. b4 Qd8 18. Rac1 a6 19. f3 Qd7 20. Rfd1 d5 21. Bc5 d4 22. Qxe5 Nc6 23. Qg3 Rfe8 24. Ne4 Nxe4 25. Bxe4 Qf7 26. Bxc6 Rxc6 27. Bxd4 (27. Rxd4 $142 b6 28. Rf4) 27... Rxc4 28. Rxc4 Bxc4 29. Re1 Rxe1+ 30. Qxe1 Qe6 31. Qxe6+ (31. Qc3 $16) 31... Bxe6 32. Kf2 Kf7 33. Ke3 g6 34. Ke4 Bc4 35. Ke5 Ke7 36. Bc5+ Kf7 37. Kd4 Bf1 38. g3 Ke6 39. a4 Bg2 40. Ke4 Bf1 41. f4 Bg2+ $11 1/2-1/2

[Event "GER-chT Youth Countries 2018"]
[Site "Wurzburg"]
[Date "2018.10.04"]
[Round "3"]
[White "Grund, Sebastian"]
[Black "Musiolik, David"]
[Result "1-0"]
[ECO "D02"]
[WhiteElo "1992"]
[BlackElo "2057"]
[Annotator "NA RC"]
[PlyCount "69"]
[EventDate "2018.10.03"]
[EventType "team-tourn"]
[EventCountry "GER"]
[SourceTitle "playchess.com"]
[Source "ChessBase"]
[SourceQuality "1"]
[TimeControl "40/5400+30:1800+30"]

1. d4 d5 2. Nf3 Nf6 3. c4 e6 4. g3 Bb4+ 5. Bd2 Be7 6. Bg2 O-O 7. O-O Nbd7 8. Qc2 {[%emt 0:00:13] E11: Bogo-Indian} Ne4 9. Nc3 Nxd2 10. Nxd2 c6 11. e4 dxc4 12. Nxc4 Nb6 13. Nxb6 Qxb6 14. Rfd1 Rd8 15. Na4 Qc7 {[%emt 0:03:22] [#]} 16. Rac1 $146 Bf6 17. e5 Be7 18. Be4 g6 19. Bg2 Bd7 20. Nc3 Rac8 21. Ne4 Qa5 22. Qe2 Qxa2 23. Qf3 Qa5 (23... c5 $1 $11) 24. Qf4 Kg7 25. Nf6 Qb4 {[%emt 0:01:15] [#]} 26. g4 (26. h4 $1 $16) 26... Bxf6 ({Viel schwächer wäre} 26... Qxb2 $6 27. Rb1 $16) 27. exf6+ Kh8 28. Rc5 b6 $2 {[%emt 0:04:21] [#]} (28... e5 $14 29. Rxe5 Be6) 29. Qh6 $3 Rg8 {[%emt 0:01:06] [#]} 30. Rh5 $3 gxh5 31. Be4 Rxg4+ 32. Kh1 Kg8 33. Bxh7+ Kh8 34. Bg6+ Kg8 35. Qg7# 1-0

[Event "GER-chT Youth Countries 2018"]
[Site "Wurzburg"]
[Date "2018.10.04"]
[Round "3"]
[White "Laux, Dominik"]
[Black "Farokhi, Keyvan"]
[Result "1/2-1/2"]
[ECO "A45"]
[WhiteElo "1987"]
[BlackElo "1855"]
[Annotator "NA RC"]
[PlyCount "67"]
[EventDate "2018.10.03"]
[EventType "team-tourn"]
[EventCountry "GER"]
[SourceTitle "playchess.com"]
[Source "ChessBase"]
[SourceQuality "1"]
[TimeControl "40/5400+30:1800+30"]

1. d4 Nf6 2. Bg5 Ne4 3. Bf4 d5 4. e3 e6 5. Bd3 Bd6 6. Bxd6 {[%emt 0:05:34] A45: Trompowsky Attack} (6. Bxe4 Bxf4 7. exf4 dxe4 8. Nc3 Nc6 9. Nge2 f5 10. Qd2 O-O 11. O-O-O a5 12. h3 a4 13. a3 b5 {½-½ (58) Vitiugov,N (2726)-Grandelius,N (2643) Doha 2016}) 6... Nxd6 7. Nd2 Nd7 8. Ngf3 c5 9. c3 O-O 10. O-O b6 $146 ({Predecessor:} 10... c4 11. Bc2 f5 12. Qe2 {½-½ (35) Trombik,K (2017)-Melzer,P (2101) Czechia 2013}) 11. e4 cxd4 12. Nxd4 Nc5 13. Qe2 Nxd3 14. Qxd3 dxe4 15. Nxe4 Nf5 16. Rfd1 e5 17. Nxf5 Bxf5 18. Qf3 Bxe4 19. Qxe4 Qc7 20. Rd5 Rfe8 21. Rad1 Rad8 22. Kf1 Rxd5 23. Qxd5 g6 24. Ke2 Kg7 25. c4 Re7 26. h3 f5 27. b4 Qb7 28. h4 Qxd5 29. Rxd5 Rc7 30. Kd3 Kf6 31. g3 Ke6 32. f3 h6 33. a4 $2 {[%emt 0:01:06] [#]} (33. Kc3 $11) 33... Rd7 $19 34. Rxd7 1/2-1/2

[Event "GER-chT Youth Countries 2018"]
[Site "Wurzburg"]
[Date "2018.10.04"]
[Round "3"]
[White "Wiesner, Paula"]
[Black "Block, Timo"]
[Result "1-0"]
[ECO "D36"]
[WhiteElo "1969"]
[BlackElo "1777"]
[Annotator "NA RC"]
[PlyCount "63"]
[EventDate "2018.10.03"]
[EventType "team-tourn"]
[EventCountry "GER"]
[SourceTitle "playchess.com"]
[Source "ChessBase"]
[SourceQuality "1"]
[TimeControl "40/5400+30:1800+30"]

1. d4 d5 2. c4 e6 3. Nc3 Nf6 4. cxd5 exd5 5. Bg5 c6 6. Qc2 Bg4 {D36: Queen's Gambit Declined: Exchange Variation: Main line (5 Bg5 c6 6 Qc2)} (6... Be7 7. e3 Nbd7 8. Bd3 h6 9. Bh4 Nh5 10. Bxe7 Qxe7 11. O-O-O Nb6 12. Nf3 Nf6 13. Kb1 Be6 14. Ka1 O-O-O 15. Na4 Kb8 16. Rc1 Rhe8 17. Nc5 Bc8 {1-0 (50) Nepomniachtchi,I (2757)-Nisipeanu,L (2672) Dortmund 2018}) 7. e3 Nbd7 8. Bd3 Bd6 9. f3 Bh5 10. Nge2 Bg6 11. e4 Be7 $146 ({Predecessor:} 11... dxe4 12. fxe4 Bb4 13. O-O-O Qa5 14. Bf4 O-O 15. Rhe1 {0-1 (24) Witek,T (2105)-Chojnacki,S (2235) Rewal 2007}) 12. e5 Bxd3 13. Qxd3 Ng8 14. Be3 Nb6 15. b3 Rc8 16. O-O a6 17. Ng3 c5 18. dxc5 Bxc5 19. Bxc5 Rxc5 20. Nf5 Kf8 21. Ne4 Rc6 22. Ned6 Qc7 23. Nd4 Rc3 24. Qf5 Nh6 25. Qf4 Qe7 26. Rac1 Rxc1 27. Rxc1 g5 28. Qf6 Qxf6 29. exf6 Ng8 30. Rc7 Nxf6 31. Rxf7+ Kg8 32. Ne6 1-0

[Event "GER-chT Youth Countries 2018"]
[Site "Wurzburg"]
[Date "2018.10.04"]
[Round "3"]
[White "Yankelevich, Michael"]
[Black "Philipp, Mathias"]
[Result "1/2-1/2"]
[ECO "C41"]
[WhiteElo "1961"]
[BlackElo "2076"]
[Annotator "NA RC"]
[PlyCount "96"]
[EventDate "2018.10.03"]
[EventType "team-tourn"]
[EventCountry "GER"]
[SourceTitle "playchess.com"]
[Source "ChessBase"]
[SourceQuality "1"]
[TimeControl "40/5400+30:1800+30"]

1. e4 d6 2. d4 Nf6 3. Nc3 e5 4. Nf3 Nbd7 5. Bc4 Be7 6. a4 c6 {[%emt 0:00:16] C41: Philidor Defence} (6... O-O 7. O-O c6 8. Re1 b6 9. h3 a6 10. Ba2 Rb8 11. Be3 b5 12. axb5 axb5 13. b4 Bb7 14. Bb3 exd4 15. Nxd4 d5 16. exd5 Bxb4 17. Bd2 cxd5 18. Ncxb5 Bxd2 19. Qxd2 {½-½ (30) Kryvoruchko,Y (2705)-Laznicka,V (2671) Brest 2018}) 7. Ba2 a5 8. O-O h6 9. Qd3 $146 ({Predecessor:} 9. Re1 Qc7 10. h3 g5 11. Nh2 Nf8 12. dxe5 dxe5 {1-0 (30) Gaponenko,I (2411)-Xheladini,M (2246) Zuerich 2002}) 9... g5 10. Re1 Qc7 11. Ne2 Nf8 12. Ng3 Rh7 13. Be3 Ng4 14. Nf5 Nxe3 15. Rxe3 Bxf5 16. exf5 f6 17. Rd1 h5 18. Nd2 d5 19. f3 O-O-O 20. c3 Bd6 21. Nf1 Nd7 22. Re2 g4 23. Kh1 Rg7 24. Rb1 gxf3 25. Qxf3 Rg4 26. dxe5 fxe5 27. Qh3 Nf6 28. Bb3 e4 29. Ne3 Rg5 30. Rd1 Be5 31. Bc2 {[%emt 0:05:39] [#]} c5 (31... h4 $1 $19 32. Rde1 (32. Qxh4 Rh5) 32... Rdg8) 32. Qh4 Qg7 $2 (32... Bf4 $17 33. Rf1 Bxe3 34. Rxe3 Rdg8) 33. Nxd5 $1 Rxd5 ({Don't play} 33... Nxd5 $6 34. Qxe4 Nf4 35. Rxd8+ (35. Qxe5 Rxd1+ 36. Bxd1 Nxe2 $11) 35... Kxd8 36. Qxe5 $16) (33... Rg4 $11 34. Qf2 Nxd5 35. Qxc5+ (35. Bxe4 Rf4 $11) 35... Nc7 36. Rxd8+ Kxd8) 34. Rxd5 Nxd5 35. Qxe4 Nf4 36. Qxe5 Nxe2 37. Qxe2 Kb8 38. Qf2 (38. Qe8+ $16 Ka7 39. Qe3) 38... Qf6 39. Qxc5 Rg4 (39... h4 $14) 40. Qe3 h4 41. Qe8+ Ka7 42. Qe2 Rg7 43. h3 Re7 44. Qf2+ Ka8 45. Qd4 $2 (45. Bd3 $11) 45... Re1+ 46. Kh2 Qg5 $2 (46... Qe7 $19 47. Qh8+ Ka7 48. Qd4+ b6) 47. Qh8+ Ka7 48. Qd4+ Ka8 $11 1/2-1/2